 Dungeon Crawl Stone Soup version 0.26-b1-32-g5d43845318 (webtiles) character file.

Game seed: 8573514638784477929

51 Borgoz the Ducker (level 3, -3/30 HPs)
             Began as a Ghoul Gladiator on Jan 13, 2021.
             Slain by a gnoll
             ... wielding a +0 halberd of venom
              (12 damage)
             ... on level 2 of the Dungeon.
             The game lasted 00:01:07 (1437 turns).

Borgoz the Ducker (Ghoul Gladiator)                 Turns: 1437, Time: 00:01:07

Health: -3/30      AC:  5    Str: 18    XL:     3   Next: 81%
Magic:  2/2        EV: 12    Int:  3    God:
Gold:   112        SH:  0    Dex: 10    Spells: 2/2 levels left

rFire    . . .     SeeInvis .   a - +0 flail
rCold    + . .     Faith    .   (no shield)
rNeg     + + +     Spirit   .   b - +0 leather armour
rPois    ∞         Reflect  .   c - +0 helmet
rElec    .         Harm     .   l - +0 cloak
rCorr    .         Rampage  .   (no gloves)
Will     .....                  (no boots)
Stlth    +.........             (no amulet)
HPRegen  0.00/turn              (no ring)
MPRegen  0.08/turn              (no ring)

@: no status effects
A: claws 1, cold resistance 1, negative energy resistance 3, inhibited
regeneration, torment resistance, unbreathing
a: no special abilities


You were on level 2 of the Dungeon.
You visited 1 branch of the dungeon, and saw 2 of its levels.

You collected 112 gold pieces.

Inventory:

Hand Weapons
 a - a +0 flail (weapon)
Missiles
 d - 3 throwing nets (quivered)
Armour
 b - a +0 leather armour (worn)
 c - a +0 helmet (worn)
 l - a +0 cloak (worn)
Scrolls
 e - 2 scrolls of amnesia {unknown}
 f - 2 scrolls of enchant armour {unknown}
 h - 3 scrolls of remove curse {unknown}
 m - 2 scrolls of identify {unknown}
Potions
 g - a potion of brilliance {unknown}
 i - 2 potions of heal wounds
 j - a potion of lignification {unknown}
 k - a potion of degeneration {unknown}


   Skills:
 * Level 2.9 Fighting
 * Level 3.1 Maces & Flails
 - Level 1.7 Throwing
 * Level 1.2 Armour
 * Level 3.1 Dodging


You had 2 spell levels left.
You didn't know any spells.
Your spell library was empty.

Dungeon Overview and Level Annotations

Branches:
Dungeon (2/15)

Altars:


Innate Abilities, Weirdness & Mutations

You thrive by killing the living.
You are immune to poison.
You have sharp fingernails.
Your flesh is cold resistant. (rC+)
You are immune to negative energy. (rN+++)
You do not regenerate when monsters are visible.
You are immune to unholy pain and torment.
You can survive without breathing.


Message History

The gnoll hits you from afar with a +0 halberd.
The gnoll barely misses you.
You barely miss the gnoll.
The gnoll is severely wounded.
The gnoll misses you. The gnoll barely misses you.
You sock the gnoll!
You kill the gnoll!
You feel better. The gnoll closely misses you. x2
The gnoll closely misses you.
You see here a cursed -2 club.
You hit the gnoll.
The gnoll is lightly wounded.
The gnoll closely misses you. The gnoll misses you.
You hit the gnoll but do no damage.
The gnoll is lightly wounded.
The gnoll hits you with a +0 halberd!
Ouch! That really hurt!
* * * LOW HITPOINT WARNING * * *
The gnoll hits you from afar with a +0 halberd of venom!
You die...

#.. #.# #.# ###### #.#
#..... #.# #..?.. #.#
#..... #.#
#.....##############.####
#....Kgg@...........<....
#.....################.##
#..... #..# #.[... ##.#
####.? #.. #.g ##. #..
#.. ##. #.. #..


You could see 2 gnolls and a kobold.

Vanquished Creatures
  A gnoll (D:2)
  A dart slug (D:2)
  A leopard gecko (D:1)
  3 ball pythons
  9 bats
  2 giant cockroaches
  3 goblins
  7 hobgoblins
  A quokka (D:2)
  A frilled lizard (D:1)
  2 kobolds (D:1)
  3 rats (D:1)
34 creatures vanquished.

Notes
Turn   | Place    | Note
-------+----------+-------------------------------------------
     0 | D:1      | Borgoz the Ghoul Gladiator began the quest for the Orb.
     0 | D:1      | Reached XP level 1. HP: 17/17 MP: 0/0
   227 | D:1      | Reached XP level 2. HP: 20/25 MP: 1/1
   799 | D:1      | Reached XP level 3. HP: 24/30 MP: 2/2
   859 | D:1      | Reached skill level 1 in Armour
  1437 | D:2      | Slain by a gnoll

Illustrated notes

Levels and vault maps discovered:
D:1:      minmay_arrival_four_houses, layout_basic
D:2:      layout_basic, doesnt_xom_only_xom

Skill      XL: |  1  2  3 |
---------------+----------+-----
Dodging        | 3 |  3.1
Armour         | 1 |  1.2
Maces & Flails | 3 |  3.1
Fighting       | |  2.9
Throwing       | |  1.7

Action                   || total
-------------------------++-------
Melee: Flail             ||   116
  Use: Potion            ||     1
Armor: Leather armour    ||    49
Dodge: Dodged            ||   102
